 Dungeon Crawl Stone Soup version 0.18.1-48-g4cf74bf (webtiles) character file.

7275 Lennu the Nimble (level 11, 0/81 HPs)
             Began as a Merfolk Ice Elementalist on July 6, 2016.
             Was a Follower of Yredelemnul.
             Slain by Hercules's ghost (1 damage)
             ... on level 9 of the Dungeon.
             The game lasted 01:36:23 (16646 turns).

Lennu the Nimble (Merfolk Ice Elementalist)        Turns: 16646, Time: 01:36:24

Health: 0/81       AC: 10    Str: 10    XL:     11   Next: 12%
Magic:  19/19      EV: 17    Int: 16    God:    Yredelemnul [*.....]
Gold:   549        SH:  5    Dex: 15    Spells: 4 memorised, 8 levels left

rFire  . . .     SeeInvis .     z - +0 trident (protect)
rCold  . . .     Gourm    .     M - +2 robe
rNeg   . . .     Faith    .     H - +0 buckler
rPois  .         Spirit   .     (helmet restricted)
rElec  .         Dismiss  .     B - +0 cloak
rCorr  .         Reflect  .     (no gloves)
SustAt .         Harm     .     (no boots)
MR     .....                    (no amulet)
Stlth  +++.......               s - ring of wizardry
                                n - ring of stealth

@: drained, not resistant to hostile enchantments, fairly stealthy
A: change form in water, swift swim, horns 1, blink
a: Blink, Animate Remains, Renounce Religion


You were on level 9 of the Dungeon.
You worshipped Yredelemnul.
Yredelemnul was aware of your devotion.
You were not hungry.

You visited 2 branches of the dungeon, and saw 10 of its levels.
You also visited: Sewer and Ossuary.

You collected 549 gold pieces.

Inventory:

Hand Weapons
 w - a +1 trident
 x - a +0 spear
 z - a +0 trident of protection (weapon)
 J - a +2 spear of freezing
Missiles
 e - 8 javelins (quivered)
 C - 14 tomahawks
Armour
 l - a +1 helmet
 B - a +0 cloak (worn)
 H - a +0 buckler (worn)
 I - a +0 leather armour
 M - a +2 robe (worn)
Magical Staves
 p - an uncursed staff of fire
Jewellery
 n - a ring of stealth (left hand)
 s - a ring of wizardry (right hand)
Wands
 a - a wand of paralysis (12/24)
 o - a wand of iceblast (6/15)
 A - a wand of lightning (0/15)
 N - a wand of digging (11/24)
Scrolls
 g - a scroll of fear
 h - a scroll of blinking
 i - 3 scrolls of identify
 q - 4 scrolls of teleportation
 r - 4 scrolls of remove curse
 u - 2 scrolls of amnesia
 y - a scroll of immolation
 D - 4 scrolls of recharging
 G - 2 scrolls of magic mapping
Potions
 f - 2 potions of invisibility
 t - 2 potions of flight
 E - a potion of cure mutation
 F - a potion of magic
Books
 b - a book of Frost

   Spells                             Type                      Level
   a - Freeze                         Ice                          1
   b - Throw Frost                    Conjuration/Ice              2
   c - Ozocubu's Armour               Charms/Ice                   3
   d - Throw Icicle                   Conjuration/Ice              4
   e - Summon Ice Beast               Ice/Summoning                4
Comestibles
 c - a bread ration
 k - 6 meat rations
 m - 2 beef jerkies
 K - 3 fruits


   Skills:
 * Level 5.8(4.9) Fighting
   Level 0.1(2.3) Axes
 * Level 9.2(8.2) Polearms
 * Level 4.1(3.2) Armour
 * Level 10.0(8.9) Dodging
 - Level 2.9(2.1) Stealth
 + Level 4.2(3.3) Shields
 + Level 5.4(4.5) Spellcasting
 - Level 1.0(0.2) Conjurations
 + Level 1.5(0.7) Charms
 + Level 1.2(0.3) Summonings
 + Level 9.1(8.1) Ice Magic
 * Level 1.5(0.7) Invocations
 - Level 0.2(0.0) Evocations


You had 8 spell levels left.
You knew the following spells:

 Your Spells              Type           Power        Failure   Level  Hunger
a - Freeze                Ice            ####         1%          1    None
b - Ozocubu's Armour      Chrm/Ice       ###.....     4%          3    ###....
c - Summon Ice Beast      Ice/Summ       ###.....     14%         4    ####...
d - Throw Icicle          Conj/Ice       ###.....     14%         4    ####...


Dungeon Overview and Level Annotations

Branches:
Dungeon (9/15)             Temple (1/1) D:7            Lair (0/8) D:9
    Orc: D:9-12

Altars:
Ashenzari
Dithmenos
Fedhas
Gozag
Kikubaaqudgha
Makhleb
Nemelex Xobeh
Okawaru
Pakellas
Sif Muna
Trog
Yredelemnul
Zin
The Shining One

Annotations:
D:9 Hercules's ghost, journeyman HuHu


Innate Abilities, Weirdness & Mutations

You revert to your normal form in water.
You are very nimble and swift while swimming.
You have a pair of small horns on your head.
You can translocate small distances at will.


Message History

Hercules's ghost is heavily damaged.
Hercules's ghost hits you.
* * * LOW HITPOINT WARNING * * *
Hercules's ghost freezes you.
* * * LOW HITPOINT WARNING * * *
You hit Hercules's ghost.
Hercules's ghost is severely damaged.
Hercules's ghost hits you.
* * * LOW HITPOINT WARNING * * *
Hercules's ghost freezes you.
* * * LOW HITPOINT WARNING * * *
You closely miss Hercules's ghost.
Hercules's ghost is severely damaged.
You puncture Hercules's ghost!
Hercules's ghost is severely damaged.
Hercules's ghost hits you.
* * * LOW HITPOINT WARNING * * *
Hercules's ghost freezes you.
You die...
Your body rises from the dead as a mindless zombie.

..............# #..%............#
..............###................
........###......................
........# #.................)....
........###<.....................
....................###..........
...........(........# #.....^....
..).................###..........
#...............@................
##..............W................
#.........................)......
..............................#..
.................<...........###.
############################## ##


You could see Hercules's ghost.

Vanquished Creatures
  Erolcha (D:8)
  Joseph (D:8)
  A freezing wraith (D:8)
  Prince Ribbit (D:7)
  A spriggan (D:7)
  Grum (D:8)
  A hippogriff (D:7)
  A hungry ghost (D:9)
  2 black bears
  3 orc warriors
  2 phantoms (D:5)
  2 sky beasts
  An ice beast (D:7)
  4 wolves (D:8)
  6 ogres
  6 centaurs
  A crocodile (D:8)
  A big kobold (Sewer)
  5 giant frogs
  3 elf zombies (Ossuary)
  A wyvern zombie (D:9)
  A wyvern skeleton (D:8)
  A scorpion (D:9)
  5 wights (D:9)
  2 howler monkeys
  A crimson imp (D:5)
  6 hounds
  A centaur skeleton (D:9)
  A giant frog zombie (D:4)
  2 jellies (D:9)
  Crazy Yiuf (D:5)
  5 centaur zombies
  9 orc priests
  8 orc wizards
  3 giant frog skeletons
  2 human zombies (Ossuary)
  Ijyb (D:2)
  An iguana (D:5)
  5 worker ants
  4 hound zombies
  3 hound skeletons
  4 mummies
  A howler monkey skeleton (D:8)
  2 gnolls (D:7)
  18 adders
  2 river rats (Sewer)
  2 shadow imps (D:8)
  An ooze (D:6)
  6 adder zombies
  3 adder skeletons
  A worm (D:4)
  2 dart slugs (D:1)
  3 giant geckos
  21 orcs
  13 bats
  8 giant cockroaches
  10 goblins
  6 hobgoblins
  6 jackals
  4 quokkas
  2 ball pythons
  A giant cockroach zombie (D:6)
  4 giant newts
  A goblin zombie (Ossuary)
  5 hobgoblin zombies (Ossuary)
  A jackal skeleton (D:4)
  9 jackal zombies
  11 kobolds
  2 quokka zombies (Ossuary)
  11 rats
  5 rat zombies (Ossuary)
  A fungus (D:5)
273 creatures vanquished.

Vanquished Creatures (collateral kills)
  A hill giant (D:9)
  Sigmund (D:5)
  A hippogriff (D:6)
  A gnoll sergeant (D:7)
  2 orc priests (D:6)
  2 orc wizards
  3 gnolls (D:7)
  5 orcs
16 creatures vanquished.

Grand Total: 289 creatures vanquished

Notes
Turn   | Place    | Note
--------------------------------------------------------------
     0 | D:1      | Lennu the Merfolk Ice Elementalist began the quest for the Orb.
     0 | D:1      | Reached XP level 1. HP: 13/13 MP: 3/3
   265 | D:1      | Reached XP level 2. HP: 19/19 MP: 3/5
  1134 | D:1      | Reached skill level 3 in Dodging
  1168 | D:1      | Reached XP level 3. HP: 22/25 MP: 2/6
  1530 | D:2      | Found an opulent altar of Gozag.
  1821 | D:2      | Noticed Ijyb
  1829 | D:2      | Killed Ijyb
  1829 | D:2      | Reached XP level 4. HP: 31/31 MP: 0/7
  2077 | D:2      | Found a sparkling altar of Nemelex Xobeh.
  2449 | D:2      | Reached skill level 1 in Fighting
  3177 | D:3      | Reached XP level 5. HP: 32/37 MP: 8/8
  3353 | D:3      | Reached skill level 1 in Polearms
  3955 | D:3      | Reached skill level 5 in Ice Magic
  3961 | D:3      | Learned a level 3 spell: Ozocubu's Armour
  4123 | D:3      | Reached skill level 4 in Dodging
  4123 | D:3      | Reached XP level 6. HP: 26/44 MP: 0/10
  4288 | D:4      | Reached skill level 1 in Armour
  4591 | D:4      | Reached XP level 7. HP: 43/50 MP: 2/11
  6188 | D:5      | Entered Level 5 of the Dungeon
  6294 | D:5      | Noticed Sigmund
  6317 | D:5      | Found a glowing drain.
  6350 | D:5      | Learned a level 4 spell: Summon Ice Beast
  6364 | D:5      | Reached skill level 5 in Dodging
  6466 | Sewer    | Entered a sewer
  6635 | Sewer    | Reached XP level 8. HP: 57/57 MP: 13/13
  6681 | Sewer    | Found a glowing silver altar of Zin.
  7054 | D:5      | Found a burning altar of Makhleb.
  7097 | D:5      | Reached skill level 1 in Shields
  7226 | D:5      | Found a blossoming altar of Fedhas.
  7450 | D:5      | Killed Sigmund
  7450 | D:5      | Reached skill level 6 in Dodging
  7759 | D:5      | Noticed Crazy Yiuf
  7766 | D:5      | Killed Crazy Yiuf
  8018 | D:5      | Reached skill level 5 in Polearms
  8018 | D:5      | Reached XP level 9. HP: 37/64 MP: 0/15
  8227 | D:6      | Found a shattered altar of Ashenzari.
  8465 | D:6      | Found a sand-covered staircase.
  8471 | Ossuary  | Entered an ossuary
  8518 | Ossuary  | Reached skill level 1 in Charms
  9014 | Ossuary  | Reached skill level 7 in Dodging
  9949 | D:7      | Noticed Prince Ribbit
 10213 | D:7      | Found a staircase to the Ecumenical Temple.
 10250 | Temple   | Entered the Ecumenical Temple
 10279 | Temple   | Became a worshipper of Yredelemnul the Dark
 10672 | D:7      | Killed Prince Ribbit
 10805 | D:7      | Reached skill level 5 in Fighting
 10805 | D:7      | Reached XP level 10. HP: 55/74 MP: 14/17
 10972 | D:7      | Reached skill level 8 in Dodging
 11001 | D:7      | Learned a level 4 spell: Throw Icicle
 11208 | D:8      | Noticed Joseph
 11291 | D:8      | Killed Joseph
 11291 | D:8      | Reached skill level 5 in Spellcasting
 11398 | D:8      | Noticed Erolcha
 11822 | D:8      | Reached * piety under Yredelemnul
 12232 | D:8      | Noticed Grum
 12250 | D:8      | Killed Grum
 12761 | D:8      | Killed Erolcha
 13113 | D:9      | Reached skill level 1 in Summonings
 13362 | D:9      | Noticed Hercules's ghost (journeyman HuHu)
 13379 | D:9      | Reached skill level 9 in Dodging
 13838 | D:9      | Reached skill level 1 in Conjurations
 14405 | D:8      | Noticed a death knight
 15100 | D:9      | Reached XP level 11. HP: 68/81 MP: 7/18
 15417 | D:9      | Found a staircase to the Lair.
 15507 | D:9      | Reached skill level 1 in Invocations
 15554 | D:9      | Noticed a hill giant
 15595 | D:9      | Noticed a hill giant
 15779 | D:9      | HP: 4/81 [ice beast[the player character] (8)]
 16192 | D:9      | Killed a hill giant
 16192 | D:9      | Reached skill level 10 in Dodging
 16522 | D:8      | Gained mutation: You can translocate small distances at will. [potion of mutation]
 16522 | D:8      | Gained mutation: You have a pair of small horns on your head. [potion of mutation]
 16643 | D:9      | HP: 3/81 [Hercules's ghost (2)]
 16644 | D:9      | HP: 1/81 [Hercules's ghost (1)]
 16646 | D:9      | Slain by Hercules's ghost

Skill      XL: |  1  2  3  4  5  6  7  8  9 10 11 |
---------------+----------------------------------+-----
Ice Magic      | 4 5 6 7 8 9 |  9.1
Dodging        | 3 4 5 6 7 9 10 | 10.0
Fighting       | 1 2 3 5 |  5.8
Polearms       | 1 2 3 5 7 9 |  9.2
Spellcasting   | 3 4 5 |  5.4
Armour         | 1 2 3 4 |  4.1
Shields        | 2 3 4 |  4.2
Charms         | 1 |  1.5
Summonings     | 1 |  1.2
Conjurations   | 1 |  1.0
Invocations    | 1 |  1.5
Axes           | |  0.1
Stealth        | |  2.9
Evocations     | |  0.2

Action                   |  1- 3 |  4- 6 |  7- 9 | 10-12 || total
-------------------------+-------+-------+-------+-------++-------
Melee: Unarmed           |     1 |       |       |       ||     1
       Club              |    14 |       |       |       ||    14
       Hand axe          |     7 |    24 |       |       ||    31
       Short sword       |     1 |       |       |       ||     1
       Spear             |       |   127 |       |       ||   127
       Trident           |       |       |   641 |   696 ||  1337
       Tailslap          |       |       |     1 |       ||     1
       Headbutt          |       |       |       |     7 ||     7
Throw: Javelin           |       |       |       |     1 ||     1
 Cast: Freeze            |    55 |    68 |   115 |    14 ||   252
       Ozocubu's Armour  |       |     3 |    36 |    31 ||    70
       Summon Ice Beast  |       |       |    13 |    12 ||    25
       Throw Icicle      |       |       |       |    36 ||    36
Evoke: Wand              |       |       |       |    11 ||    11
  Use: Scroll            |     7 |     2 |     8 |     5 ||    22
       Potion            |       |       |     7 |    12 ||    19
 Stab: Sleeping          |     4 |     4 |    14 |     2 ||    24
       Distracted        |       |       |     1 |     1 ||     2
  Eat: Chunk             |     4 |     5 |    11 |     5 ||    25
       Bread ration      |       |     1 |     4 |     6 ||    11
       Beef jerky        |       |       |       |     3 ||     3
       Pizza             |       |       |       |     1 ||     1
Armor: Robe              |     7 |       |       |   179 ||   186
       Leather armour    |     7 |    94 |   273 |    52 ||   426
Dodge: Dodged            |    53 |   155 |   493 |   401 ||  1102
Block: Shield            |       |    22 |       |       ||    22
       Buckler           |       |       |     3 |   128 ||   131
